 Dungeon Crawl Stone Soup version 0.32-a0-135-g14f8b2e1af (webtiles) character file.

Game seed: 3270077522333873558

360 Ge0ff the Magician (level 6, -2/44 HPs)
             Began as a Mummy Brigand on Feb 9, 2024.
             Slain by an ogre
             ... wielding a +0 giant club
              (25 damage)
             ... on level 4 of the Dungeon on Feb 10, 2024.
             The game lasted 00:13:08 (3949 turns).

Ge0ff the Magician (Mummy Brigand)                  Turns: 3949, Time: 00:13:08

Health: -2/44      AC:  5    Str: 14    XL:     6   Next: 38%
Magic:  3/11       EV: 11    Int: 13    God:
Gold:   227        SH:  0    Dex: 13    Spells: 6/12 levels left

rFire   x . .        a - +2 dagger
rCold   + . .        (no shield)
rNeg    + + +        b - +0 robe
rPois   ∞            (no helmet)
rElec   .            c - +0 cloak
rCorr   .            (no gloves)
SInv    .            W - +1 pair of boots
Will    .....        (no amulet)
Stlth   ++           (no ring)
HPRegen 0.27/turn    (no ring)
MPRegen 0.12/turn

%: faith
@: very slightly contaminated
A: cold resistance 1, negative energy resistance 3, torment resistance 2, heat
vulnerability 1, in touch with death 1, no potions, faith
a: no special abilities


You were on level 4 of the Dungeon.
You visited 1 branch of the dungeon, and saw 5 of its levels.

You collected 227 gold pieces.

Inventory:

Hand Weapons
 a - a +2 dagger (weapon)
 z - a +2 falchion of protection
 X - a +0 trident
 Y - a +0 great sword
 Z - a +0 sling
Missiles
 d - 7 poisoned darts
 v - 3 curare-tipped darts {=F}
 w - 9 stones (quivered)
Armour
 b - a +0 robe (worn)
 c - a +0 cloak (worn)
 W - a +1 pair of boots (worn)
Wands
 e - a wand of charming (14)
 f - a wand of flame (9)
Scrolls
 y - a scroll of immolation {unknown}
 T - a scroll of teleportation
 U - 2 scrolls of identify {unknown}
 V - a scroll of enchant weapon {unknown}


   Skills:
 - Level 2.0 Fighting
 - Level 3.0 Short Blades
 - Level 1.5 Throwing
 - Level 1.0 Dodging
 - Level 3.2 Stealth
 + Level 3.6 Spellcasting
 + Level 3.4 Ice Magic
 - Level 1.0 Evocations


You had 6 spell levels left.
You knew the following spells:

 Your Spells              Type           Power      Damage    Failure   Level
s - Frozen Ramparts       Ice            22%        1d4       16%         3
w - Passwall              Erth           2%         N/A       54%         3

Your spell library contained the following spells:

 Spells                   Type           Power      Damage    Failure   Level
 Sandblast                Erth           4%         2d4       22%         1
 Stone Arrow              Conj/Erth      4%         3d7       54%         3
 Brom's Barrelling Bould  Conj/Erth      2%         2d3       91%         4
 Leda's Liquefaction      Alch/Erth      1%         N/A       91%         4
 Petrify                  Alch/Erth      2%         N/A       91%         4
 Metabolic Englaciation   Hex/Ice        3%         N/A       96%         5


Dungeon Overview and Level Annotations

Branches:
Dungeon (5/15) Zot: 24997
 Temple: D:4-7

Altars:


Innate Abilities, Weirdness & Mutations

You are immune to poison.
Your flesh is cold resistant. (rC+)
You are immune to negative energy. (rN+++)
You are immune to unholy pain and torment.
You are vulnerable to heat. (rF-)
You are in touch with the powers of death.
You do not drink.
You have a special connection with the divine. (Faith)


Message History

There is a stone staircase leading up here.
An iguana is nearby!
The helpless iguana fails to defend itself.
You impale the iguana!!
You kill the iguana!
You see here an iguana corpse.
You now have 227 gold pieces (gained 3).
An ogre comes into view. It is wielding a +0 giant club.
Casting: Frozen Ramparts (dangerous; 16% risk of failure)
Confirm with . or Enter, or press ? or * to list all spells.
Casting: Frozen Ramparts (dangerous; 16% risk of failure)
Press: ? - help, Dir - look around, f - activate The walls around you are covered in ice.
The ogre shouts!
An iguana comes into view.
The frozen ramparts melt away as you move.
Casting: Frozen Ramparts (dangerous; 16% risk of failure)
Confirm with . or Enter, or press ? or * to list all spells.
Casting: Frozen Ramparts (dangerous; 16% risk of failure)
Press: ? - help, Dir - look around, f - activate The walls around you are covered in ice.
You throw a stone. The stone hits the ogre.
The ogre is lightly wounded.
The wall freezes the ogre.
The wall freezes the ogre but does no damage.
You throw a stone. The stone hits the ogre.
The ogre is moderately wounded.
The wall freezes the ogre but does no damage.
The ogre hits you with a +0 giant club!
You barely miss the ogre. You punch the ogre.
The ogre is moderately wounded.
You hit the ogre.
The ogre is heavily wounded.
The wall freezes the ogre.
The ogre hits you with a +0 giant club!
You are too injured to fight recklessly!
You hit the ogre. You punch the ogre, but do no damage.
The ogre is heavily wounded.
You hit the ogre.
The ogre is severely wounded.
The frozen ramparts melt away.
The ogre misses you.
Casting: Frozen Ramparts (dangerous; 16% risk of failure)
Confirm with . or Enter, or press ? or * to list all spells.
Casting: Frozen Ramparts (dangerous; 16% risk of failure)
Press: ? - help, Dir - look around, f - activate You miscast Frozen Ramparts.
You are very lightly contaminated with residual magic.
Nothing appears to happen.
The ogre hits you with a +0 giant club!!
Ouch! That really hurt!
You die...

#..........#
........
##.######...#
.##.#.#.#.
#...........#
..........
#...........#
#.#.......
#...........#
#.........
#........#..#
#.#....gS)
#........#..#
#.....gSS.
#..###.#.#..#
#.#...gS..
#..#.....O@.#
#......g..
#.....######
#.#.#.#.#.
##.......O..l
#.. ##....
##..........
## ......
##...######
....... ##...
#...?...
.....
....>...
..... .......
......


You could see an ogre.

Vanquished Creatures
  An ogre (D:5)
  A jelly (D:5)
  A hound (D:3)
  Ijyb (D:3)
  An iguana (D:4)
  A gnoll (D:1)
  7 adders
  2 ribbon worms
  A dart slug (D:1)
  6 orcs (D:3)
  3 bats
  6 endoplasms
  3 giant cockroaches
  3 hobgoblins
  9 jackals
  4 quokkas
  4 ball pythons
  3 frilled lizards
  10 goblins
  3 kobolds
  2 rats
72 creatures vanquished.

Notes
Turn   | Place    | Note
-------+----------+-------------------------------------------
     0 | D:1      | Ge0ff the Mummy Brigand began the quest for the Orb.
     0 | D:1      | Reached XP level 1. HP: 16/16 MP: 1/1
   198 | D:1      | Reached XP level 2. HP: 18/22 MP: 2/2
   418 | D:1      | Found a faded altar of an unknown god.
   607 | D:2      | Reached XP level 3. HP: 20/27 MP: 3/3
   786 | D:2      | Reached skill level 1 in Dodging
   856 | D:2      | Reached skill level 1 in Spellcasting
   880 | D:2      | Learned a level 3 spell: Frozen Ramparts
  1154 | D:2      | Reached XP level 4. HP: 33/33 MP: 6/6
  1584 | D:3      | Reached skill level 1 in Ice Magic
  1665 | D:3      | You fall into a shaft and drop 2 floors!
  1665 | D:5      | Entered Level 5 of the Dungeon
  1672 | D:5      | Noticed an ogre
  1678 | D:5      | Killed an ogre
  1679 | D:5      | Reached XP level 5. HP: 38/38 MP: 7/9
  2221 | D:3      | Reached skill level 1 in Evocations
  2465 | D:3      | Reached XP level 6. HP: 22/44 MP: 6/10
  2745 | D:3      | Learned a level 3 spell: Passwall
  3743 | D:3      | Noticed Ijyb
  3774 | D:3      | Killed Ijyb
  3949 | D:4      | Slain by an ogre

Illustrated notes

Levels and vault maps discovered:
D:1:      erik_arrival_blinker_ship, layout_loops_ring, basic_ecumenical_altar
D:2:      cheibrodos_helix_gallery, layout_loops_ring, hex_tiny,
          eino_tiny_chamber
D:3:      kennysheep_goblin_castle, layout_basic
D:4:      layout_basic, dreamdust_divine_triumvirate, st_stairs_4,
          nicolae_the_louvre
D:5:      layout_loops_cross, nicolae_overflow_hidden_temple

Skill      XL: |  1  2  3  4  5 |
---------------+----------------+-----
Short Blades   | 2 3 |  3.0
Dodging        | 1 |  1.0
Spellcasting   | 1 3 |  3.6
Ice Magic      | 2 3 |  3.4
Evocations     | 1 |  1.0
Fighting       | |  2.0
Throwing       | |  1.5
Stealth        | |  3.2

Action                     |  1- 3 |  4- 6 || total
---------------------------+-------+-------++-------
  Melee: Dagger            |    84 |   144 ||   228
         Punch             |     3 |    10 ||    13
  Throw: Dart              |    17 |    12 ||    29
         Stone             |       |    17 ||    17
   Cast: Frozen Ramparts   |       |    20 ||    20
  Evoke: Wand              |       |     9 ||     9
    Use: Scroll            |     1 |     1 ||     2
   Stab: Sleeping          |     3 |     2 ||     5
 Armour: Robe              |    36 |   104 ||   140
  Dodge: Dodged            |    39 |    92 ||   131

Table legend: (Time is in decaauts)
 A = Elapsed time spent in this place.
 B = Non-inter-level travel time spent in this place.
 C = Inter-level travel time spent in this place.
 D = Time resting spent in this place.
 E = Time spent auto-exploring this place.
 F = Levels seen in this place.
 G = Mean time per level.
                   A        B        C        D        E       F      G
               +--------+--------+--------+--------+--------+-----+--------+
         Total |   3914 |   3820 |     94 |    636 |   1874 |   5 |  782.8 |
       Dungeon |   3914 |   3820 |     94 |    636 |   1874 |   5 |  782.8 |
               +--------+--------+--------+--------+--------+-----+--------+

Top non-repeatable levels by time:
     D:3: 1795 daAuts
     D:2: 1006 daAuts
     D:1: 547 daAuts
     D:4: 302 daAuts
     D:5: 262 daAuts
